 Dungeon Crawl Stone Soup version 0.17-a0-2098-gf59d6bc (webtiles) character file.

1210 Geeful the Martial Artist (level 8, -11/52 HPs)
             Began as a Human Wanderer on Oct 17, 2015.
             Was a Believer of Makhleb.
             Mangled by a hell rat (14 damage)
             ... on level 6 of the Dungeon.
             The game lasted 00:26:39 (8815 turns).

Geeful the Martial Artist (Human Wanderer)          Turns: 8815, Time: 00:26:39

Health: -11/52     AC:  8    Str: 11    XL:     8   Next: 74%
Magic:  12/12      EV:  9    Int: 14    God:    Makhleb [**....]
Gold:   11         SH:  0    Dex: 15    Spells: 1 memorised, 9 levels left

rFire  + . .     SeeInvis .       - Unarmed
rCold  . . .     Clarity  .     l - +0 ring mail
rNeg   . . .     SustAt   .     (no shield)
rPois  .         Gourm    .     (no helmet)
rElec  .         Spirit   .     d - +1 cloak
rCorr  .         Warding  .     (no gloves)
rMut   +         Stasis   .     r - +0 pair of boots
MR     +....                    k - amulet of resist mutation
Stlth  +.........               i - ring of protection from magic
                                o - ring of protection from fire

@: repel missiles, drained, somewhat resistant to hostile enchantments, very
unstealthy
A: no striking features
a: Minor Destruction, Renounce Religion


You were on level 6 of the Dungeon.
You worshipped Makhleb.
Makhleb was pleased with you.
You were not hungry.

You visited 1 branch of the dungeon, and saw 6 of its levels.

You collected 226 gold pieces.
You spent 215 gold pieces at shops.

Inventory:

Armour
 d - a +1 cloak (worn)
 l - a +0 ring mail (worn)
 r - a +0 pair of boots (worn)
Jewellery
 i - a ring of protection from magic (right hand)
 k - an amulet of resist mutation (around neck)
 o - a ring of protection from fire (left hand)
 q - an uncursed ring of wizardry
Wands
 n - a wand of lightning (0)
Potions
 a - a potion of agility
 b - a potion of might
 e - 2 potions of resistance
 g - a potion of curing
 m - a potion of flight
Comestibles
 f - 3 bread rations
 h - 2 fruits
 j - 2 slices of pizza
 p - 2 chunks of flesh


   Skills:
   Level 1.0(0.6) Shields
 + Level 8.1(7.6) Unarmed Combat
 - Level 2.0(1.6) Spellcasting
   Level 1.0(0.6) Summonings
   Level 3.0(2.6) Transmutations
   Level 2.0(1.6) Fire Magic
 + Level 5.9(5.4) Invocations
 - Level 1.0(0.6) Evocations


You had 9 spell levels left.
You knew the following spells:

 Your Spells              Type           Power        Failure   Level  Hunger
a - Repel Missiles        Chrm/Air       #.....       90%         2    ###....


Dungeon Overview and Level Annotations

Branches:
Dungeon (6/15)             Temple (0/1) D:4

Altars:
Ashenzari
Cheibriados
Gozag
Kikubaaqudgha
Makhleb
Okawaru
Trog
Yredelemnul

Shops:
D:6 *


Message History

The centaur wields an uncursed shortbow.
The centaur shoots an arrow.
The arrow hits you.
Things that are here:
3 arrows; a rat corpse You see here an arrow.
You hit the hell rat but do no damage. The hell rat barely misses you.
You barely miss the hell rat. The hell rat misses you.
You hit the hell rat but do no damage. The hell rat bites you!
The hell rat bites you!
* * * LOW HITPOINT WARNING * * *
You feel drained.
* * * LOW HITPOINT WARNING * * *
The hell rat twitches its whiskers.
The centaur shoots an arrow.
The arrow hits you.
* * * LOW HITPOINT WARNING * * *
A centaur comes into view.
The centaur shouts!
You see here an arrow.
The hell rat bites you!
You die...

#......# #...∩..#
#......#####
#......((..##
#......##..c.....
#.....c...#.#....
##...(#####......
####r## .....
#@.# ##.[.
#>.#### ##.
#####.....#.
###............
#...####.......
#..### ##.....
##...### ##...
###...# .....
#####.##.##..# ..


You could see a centaur and a hell rat.

Vanquished Creatures
  A centaur (D:5)
  A sky beast (D:5)
  2 ogres (D:4)
  A scorpion (D:5)
  An iron imp (D:5)
  A crimson imp (D:5)
  3 hounds
  Ijyb (D:3)
  Jessica (D:2)
  An orc wizard (D:3)
  4 worker ants
  3 orc priests
  An iguana (D:4)
  5 gnolls
  9 river rats (D:5)
  12 adders
  5 worms
  3 giant geckos
  10 orcs
  4 giant cockroaches
  17 goblins
  11 hobgoblins
  2 quokkas
  2 ball pythons
  12 bats
  A giant gecko skeleton (D:5)
  7 giant newts
  14 jackals
  8 kobolds
  25 rats
168 creatures vanquished.

Notes
Turn   | Place    | Note
--------------------------------------------------------------
     0 | D:1      | Geeful the Human Wanderer began the quest for the Orb.
     0 | D:1      | Geeful set off with: a book of Minor Magic, Vehumet's Incunabulum of Combat Magic, a wand of random effects (15), a +0 robe, a +0 dagger, a bread ration
     0 | D:1      | Reached XP level 1. HP: 13/13 MP: 3/3
     1 | D:1      | Identified Vehumet's Incunabulum of Combat Magic
   300 | D:1      | Reached skill level 1 in Unarmed Combat
   431 | D:1      | Reached XP level 2. HP: 14/19 MP: 5/5
   514 | D:1      | Learned a level 2 spell: Repel Missiles
   883 | D:1      | Reached XP level 3. HP: 22/24 MP: 6/6
  1914 | D:2      | Reached XP level 4. HP: 30/30 MP: 7/7
  2245 | D:2      | Found a bloodstained altar of Trog.
  2271 | D:2      | Noticed Jessica
  2284 | D:2      | Killed Jessica
  2284 | D:2      | Reached skill level 4 in Unarmed Combat
  2460 | D:2      | Reached XP level 5. HP: 35/35 MP: 8/8
  3343 | D:2      | Reached skill level 5 in Unarmed Combat
  3618 | D:3      | Found a shattered altar of Ashenzari.
  3639 | D:3      | Noticed Ijyb
  3681 | D:3      | Killed Ijyb
  3681 | D:3      | Reached XP level 6. HP: 41/41 MP: 9/9
  3781 | D:3      | Found an opulent altar of Gozag.
  3816 | D:3      | Found a basalt altar of Yredelemnul.
  4180 | D:3      | Found a burning altar of Makhleb.
  4181 | D:3      | Found an ancient bone altar of Kikubaaqudgha.
  4185 | D:3      | Became a worshipper of Makhleb the Destroyer
  4285 | D:4      | Found a staircase to the Ecumenical Temple.
  4320 | D:3      | Reached skill level 1 in Invocations
  4798 | D:4      | Reached skill level 6 in Unarmed Combat
  4996 | D:3      | Reached XP level 7. HP: 10/46 MP: 10/10
  5427 | D:4      | Reached * piety under Makhleb
  6544 | D:5      | Entered Level 5 of the Dungeon
  6682 | D:5      | Found a snail-covered altar of Cheibriados.
  6684 | D:5      | Reached skill level 7 in Unarmed Combat
  6684 | D:5      | Reached XP level 8. HP: 52/52 MP: 11/11
  7201 | D:5      | Reached skill level 5 in Invocations
  7279 | D:5      | HP: 1/52 [hell rat (17)]
  7285 | D:5      | HP: 1/52 [rat (1)]
  7671 | D:5      | Found an iron altar of Okawaru.
  7867 | D:5      | Reached ** piety under Makhleb
  8406 | D:5      | Reached skill level 8 in Unarmed Combat
  8709 | D:6      | Found Unaihem's Assorted Antiques.
  8784 | D:6      | Bought 2 bubbling blue potions for 46 gold pieces
  8784 | D:6      | Bought a pair of boots for 117 gold pieces
  8784 | D:6      | Bought a scroll of identify for 52 gold pieces
  8815 | D:6      | Mangled by a hell rat

Vault maps used:
D:1:      shiori_shiawase
D:2:      bloody_trog, minmay_goblin_outpost, uniq_jessica
D:3:      gammafunk_temple_overflow_statue, overflow_temple_1_default,
          lemuel_doored_altar, lemuel_crystal_altar, first_bread, uniq_iyjb
D:4:      temple_fountains
D:5:      lemuel_ratsnest, slow_altar_1, kennysheep_little_box
D:6:      old_standard_altar, serial_shops, shop, nrook_loot_triangle

Action                   |  1- 3 |  4- 6 |  7- 9 || total
-------------------------+-------+-------+-------++-------
Melee: Unarmed           |   178 |   282 |   313 ||   773
 Cast: Repel Missiles    |     2 |       |     1 ||     3
Evoke: Wand              |     7 |     4 |    10 ||    21
  Use: Potion            |       |     2 |     5 ||     7
       Scroll            |       |     9 |     6 ||    15
  Eat: Chunk             |     3 |    10 |     7 ||    20
       Bread ration      |       |       |     1 ||     1
       Pizza             |       |       |     1 ||     1
